 Dungeon Crawl Stone Soup version 0.25-a0-265-g7af84ae0ac (webtiles) character file.

Game seed: 7288724419612044182, levelgen mode: deterministic

62 Nixze the Conjurer (level 3, -3/26 HPs)
             Began as a Draconian Conjurer on Dec 8, 2019.
             Killed from afar by an orc wizard (11 damage)
             ... with a puff of frost
             ... on level 2 of the Dungeon.
             The game lasted 00:04:35 (1954 turns).

Nixze the Conjurer (Draconian Conjurer)             Turns: 1954, Time: 00:04:35

Health: -3/26      AC:  6    Str: 10    XL:     3   Next: 85%
Magic:  1/6        EV: 12    Int: 16    God:
Gold:   57         SH:  0    Dex: 11    Spells: 3/6 levels left

rFire    . . .     SeeInvis .   p - -1 whip (curse)
rCold    . . .     Gourm    .   (no shield)
rNeg     . . .     Faith    .   (armour unavailable)
rPois    .         Spirit   .   (helmet restricted)
rElec    .         Reflect  .   (no cloak)
rCorr    .         Harm     .   (no gloves)
MR       .....                  k - +0 pair of boots
Stlth    ++........             (no amulet)
HPRegen  0.08/turn              h - ring of flight
MPRegen  0.10/turn              (no ring)

@: no status effects
A: unfitting armour, cold-blooded, AC +5
a: Evoke Flight


You were on level 2 of the Dungeon.
You were hungry.

You visited 1 branch of the dungeon, and saw 3 of its levels.

You collected 57 gold pieces.

Inventory:

Hand Weapons
 c - a +0 mace
 p - a cursed -1 whip (weapon)
Missiles
 a - 5 atropa-tipped darts (quivered)
 l - 5 poisoned darts
Armour
 k - a +0 pair of boots (worn)
Jewellery
 h - a ring of flight (left hand)
Scrolls
 d - 6 scrolls of identify {unknown}
 f - a scroll of magic mapping {unknown}
 g - 3 scrolls of remove curse {unknown}
 m - a scroll of noise {unknown}
 o - a scroll of enchant weapon {unknown}
Potions
 e - 2 potions of flight {unknown}
 j - a potion of berserk rage {unknown}
 n - a potion of might {unknown}
Comestibles
 b - 2 rations


   Skills:
 - Level 1.7 Dodging
 - Level 1.7 Stealth
 - Level 2.0 Spellcasting
 * Level 5.5 Conjurations


You had 3 spell levels left.
You knew the following spells:

 Your Spells              Type           Power        Failure   Level  Hunger
a - Magic Dart            Conj           ###.         2%          1    #......
b - Searing Ray           Conj           ###...       3%          2    ###....

Your spell library contained the following spells:

 Spells                   Type           Power        Failure   Level  Hunger
 Dazzling Flash           Conj/Hex       ##....       21%         3    ###....
 Fulminant Prism          Conj/Hex       ##........   54%         4    #####..
 Iskenderun's Mystic Bla  Conj/Tloc      ##......     54%         4    #####..


Dungeon Overview and Level Annotations

Branches:
Dungeon (3/15)

Altars:

Annotations:
D:2 exclusion: downstairs
D:3 Sigmund


Innate Abilities, Weirdness & Mutations

Your plain brown scales are hard. (AC +5)
You cannot fit into any form of body armour.
You are cold-blooded and may be slowed by cold attacks.


Message History

Casting: Magic Dart (safe; 2% risk of failure)
Confirm with . or Enter, or press ? or * to list all spells.
Aiming: Magic Dart (safe; 2% risk of failure)
Press: ? - help, Shift-Dir - straight line, f - orc wizard
Aim: an orc wizard, wielding a +0 dagger and wearing a +0 robe (severely wounded, fast)
The magic dart hits the orc wizard.
The orc wizard is almost dead.
The orc wizard casts a spell.
The orc wizard flickers and vanishes!
Deactivating autopickup; reactivate with Ctrl-A.
Something hits you but does no damage. Something hits you but does no damage.
Something hits you but does no damage.
You hear some strange, mumbled words.
A puff of flame appears from out of thin air!
The puff of flame hits you.
You hear some strange, mumbled words.
A puff of frost appears from out of thin air!
The puff of frost hits you!
You die...

.#.# #..# #...... .#.#
#..# ####### ##.# #..#
#.# ##..# #.# #..>#
#.# #.### #.# ###.#
#.# ###...# ##.#
###@.##.#
.#############..####.#
#..#.......#..### #.#
##.'..≈≈≈..'.## #.#
#..#.......#..### #.#
.#############..####.#
##.# ###..##.# .#.#
###...# ...# #####


There were no monsters in sight!

Vanquished Creatures
  An adder (D:2)
  A worm (D:2)
  A dart slug (D:1)
  2 leopard geckos (D:2)
  2 orcs (D:3)
  6 bats (D:1)
  A giant cockroach (D:1)
  7 goblins
  5 hobgoblins
  4 jackals (D:1)
  3 kobolds (D:2)
  2 frilled lizards
  6 rats
41 creatures vanquished.

Notes
Turn   | Place    | Note
-------+----------+-------------------------------------------
     0 | D:1      | Nixze the Draconian Conjurer began the quest for the Orb.
     0 | D:1      | Reached XP level 1. HP: 14/14 MP: 3/3
   205 | D:1      | Reached XP level 2. HP: 16/20 MP: 0/5
   776 | D:1      | Reached skill level 5 in Conjurations
   860 | D:2      | Reached XP level 3. HP: 26/26 MP: 3/6
   958 | D:2      | Learned a level 2 spell: Searing Ray
  1794 | D:3      | Noticed Sigmund
  1954 | D:2      | Killed from afar by an orc wizard

Levels and vault maps discovered:
D:1:      minmay_arrival_four_circles, layout_rooms
D:2:      layout_basic, serial_corexii_hall, corexii_hall_statues_s,
          corexii_hall_statues_l, grunt_decor_clamped
D:3:      minmay_thinvault, layout_loops_ring, ebering_ghost_gozag, st_stairs_6,
          uniq_sigmund, uniq_terence

Skill      XL: |  1  2 |
---------------+-------+-----
Conjurations   | 5 |  5.5
Dodging        | |  1.7
Stealth        | |  1.7
Spellcasting   | |  2.0

Action                   || total
-------------------------++-------
Melee: Mace              ||    17
       Unarmed           ||     1
 Cast: Magic Dart        ||    77
       Searing Ray       ||     1
  Eat: Chunk             ||     4
Armor: Skin              ||    14
Dodge: Dodged            ||    23

Table legend:
 A = Non-vault XP
 B = Vault XP
 C = Vault XP percentage of total XP
 D = Non-vault monster count
 E = Vault monster count
 F = Vault count percentage of total count
                 A         B        C        D         E       F
            +---------+---------+-------+---------+---------+-------
      Total |      89 |       0 |   0.0 |      41 |       0 |   0.0
            +---------+---------+-------+---------+---------+-------
        D:1 |      39 |       0 |   0.0 |      21 |       0 |   0.0
        D:2 |      44 |       0 |   0.0 |      18 |       0 |   0.0
        D:3 |       6 |       0 |   0.0 |       2 |       0 |   0.0
            +---------+---------+-------+---------+---------+-------
